 Dungeon Crawl Stone Soup version 0.18-a0-1027-g814d7dd (console) character file.

1170 FIQ the Skirmisher (level 8, 0/97 HPs)
             Began as a Demonspawn Wanderer on Jan 8, 2016.
             Slain by a yak (7 damage)
             ... on level 6 of the Dungeon.
             The game lasted 00:08:56 (4042 turns).

FIQ the Skirmisher (Demonspawn Wanderer)            Turns: 4042, Time: 00:08:56

Health: 0/97       AC: 24    Str: 14    XL:     8   Next: 17%
Magic:  8/8        EV:  2    Int: 12    God:
Gold:   321        SH:  0    Dex: 15    Spells: 0 memorised, 7 levels left

rFire  x . .     SeeInvis +     a - +2 falchion
rCold  + . .     Gourm    .     (armour currently unavailable)
rNeg   + + +     Faith    .     (no shield)
rPois  +         Spirit   .     (helmet currently unavailable)
rElec  .         Dismiss  .     (cloak currently unavailable)
rCorr  .         Reflect  .     (gloves currently unavailable)
SustAt .         Harm     .     (boots currently unavailable)
MR     .....     NoTele   +     (no amulet)
Stlth  +++.......               s - ring of see invisible
                                j - ring of ice

@: tree-form, very slightly contaminated, hasted, very quick, not resistant to
hostile enchantments, fairly stealthy
A: (claws 0), (thin metallic scales 0), nightstalker 1, (spiny 0)
a: no special abilities


You were on level 6 of the Dungeon.
You were not hungry.
You were a tree.
You visited 2 branches of the dungeon, and saw 7 of its levels.

You collected 321 gold pieces.

Inventory:

Hand Weapons
 a - a +2 falchion (weapon)
Armour
 h - a +2 helmet (melded)
 k - a +0 scale mail of cold resistance (melded)
 l - a +0 pair of boots (melded)
Jewellery
 j - a ring of ice (left branch)
 s - a ring of see invisible (right branch)
Scrolls
 c - 6 scrolls of teleportation
 e - a scroll of magic mapping
 n - a scroll of enchant armour
 q - a scroll of blinking
 t - 2 scrolls of identify
 u - 5 scrolls of remove curse
 z - a scroll of amnesia
 B - a scroll of recharging
Potions
 g - 2 potions of curing
 p - a potion of haste
 A - a potion of poison
Books
 y - a book of Summonings

   Spells                             Type                      Level
   a - Recall                         Summoning/Translocation      3
   b - Aura of Abjuration             Summoning                    5
   c - Summon Demon                   Summoning                    5
   d - Summon Forest                  Summoning/Translocation      5
   e - Summon Mana Viper              Hexes/Summoning              5
   f - Shadow Creatures               Summoning                    6
Comestibles
 f - 5 bread rations
 i - 3 beef jerkies
 m - a chunk of flesh
 r - a meat ration
 C - a slice of pizza


   Skills:
 + Level 6.7 Fighting
 + Level 5.5 Long Blades
 + Level 5.1 Dodging
 - Level 1.0 Stealth
   Level 1.0 Shields
   Level 1.0 Evocations


You had 7 spell levels left.
You didn't know any spells.

Dungeon Overview and Level Annotations

Branches:
Dungeon (6/15)             Temple (1/1) D:5

Altars:
Ashenzari
Cheibriados
Dithmenos
Elyvilon
Fedhas
Gozag
Nemelex Xobeh
Okawaru
Qazlal
Ru
Trog
Vehumet
Xom
The Shining One
Lugonu


Innate Abilities, Weirdness & Mutations

((You have very sharp fingernails.))
((You are partially covered in thin metallic scales (AC +2).))
You are slightly more attuned to the shadows.
((You are partially covered in sharp spines.))


Message History

The yak barely misses you.
The yak gores you but does no damage. x2
You hit the orc warrior but do no damage.
The orc warrior is severely wounded.
The orc warrior hits you but does no damage.
The yak gores you but does no damage. The yak gores you!
* * * LOW HITPOINT WARNING * * *
Drink which item? (? for menu, Esc to quit)
You feel better. The yak gores you but does no damage.
You hit the orc warrior but do no damage.
The orc warrior is severely wounded.
The yak gores you but does no damage.
The orc warrior hits you with a long sword.
* * * LOW HITPOINT WARNING * * *
The yak gores you.
* * * LOW HITPOINT WARNING * * *
The yak gores you but does no damage.
You hit the orc warrior but do no damage.
The orc warrior is severely wounded.
The yak gores you but does no damage. The yak gores you!
You die...

########
#......#
#Yo....#
#♣YY...#
####Yo...#
#..#.....#
#........#
#........#
#...<....#
#...[....#
#######'##...#
...#.%.?##'###
..........O).#
.............#


You could see 4 yaks, an orc warrior and an orc.

Vanquished Creatures
  The ghost of FIQ the Charmwright, an amateur VSSk of Lugonu (D:3)
  An ice beast (D:5)
  A sky beast (D:5)
  A phantom (D:4)
  2 ogres
  2 centaurs (D:5)
  A scorpion (D:5)
  2 orc wizards
  An orc priest (D:4)
  A centaur skeleton (D:4)
  Jessica (D:3)
  Terence (D:2)
  3 worker ants
  A worker ant zombie (D:5)
  6 adders
  A shadow imp (D:5)
  3 worms
  8 giant geckos
  8 orcs
  2 giant cockroaches (D:2)
  6 goblins
  9 hobgoblins
  16 jackals
  2 quokkas
  7 bats
  6 giant newts
  7 kobolds
  7 rats
107 creatures vanquished.

Notes
Turn   | Place    | Note
--------------------------------------------------------------
     0 | D:1      | FIQ the Demonspawn Wanderer began the quest for the Orb.
     0 | D:1      | FIQ set off with: a +2 falchion, a potion of lignification, a scroll of teleportation, a +0 robe, a bread ration
     0 | D:1      | Reached XP level 1. HP: 19/19 MP: 1/1
   258 | D:1      | Gained mutation: You are partially covered in sharp spines. [demonic ancestry]
   258 | D:1      | Reached XP level 2. HP: 13/25 MP: 2/2
   888 | D:1      | Found a shattered altar of Ashenzari.
   957 | D:2      | Found a snail-covered altar of Cheibriados.
  1022 | D:2      | Reached XP level 3. HP: 22/30 MP: 3/3
  1128 | D:2      | Noticed Terence
  1138 | D:2      | Killed Terence
  1138 | D:2      | Gained mutation: You have sharp fingernails. [demonic ancestry]
  1138 | D:2      | Reached XP level 4. HP: 36/38 MP: 4/4
  1515 | D:3      | Noticed FIQ's ghost (amateur VSSk)
  1523 | D:3      | Killed FIQ's ghost
  1523 | D:3      | Gained mutation: You have very sharp fingernails. [demonic ancestry]
  1523 | D:3      | Reached XP level 5. HP: 40/43 MP: 5/5
  1629 | D:3      | Reached skill level 5 in Fighting
  1846 | D:3      | Noticed Jessica
  1858 | D:3      | Killed Jessica
  2026 | D:3      | Gained mutation: You are slightly more attuned to the shadows. [demonic ancestry]
  2026 | D:3      | Reached XP level 6. HP: 51/51 MP: 6/6
  2160 | D:4      | Found a white marble altar of Elyvilon.
  2339 | D:4      | Found a blossoming altar of Fedhas.
  2610 | D:5      | Entered Level 5 of the Dungeon
  2638 | D:5      | Found a radiant altar of Vehumet.
  2715 | D:5      | Noticed an ice beast
  2731 | D:5      | Killed an ice beast
  2731 | D:5      | Gained mutation: You are partially covered in thin metallic scales (AC +2). [demonic ancestry]
  2731 | D:5      | Reached XP level 7. HP: 47/57 MP: 7/7
  2821 | D:5      | Found a bloodstained altar of Trog.
  2844 | D:5      | Reached skill level 6 in Fighting
  3186 | D:5      | Reached skill level 5 in Long Blades
  3607 | D:5      | Reached XP level 8. HP: 56/65 MP: 8/8
  3735 | D:5      | Found a staircase to the Ecumenical Temple.
  3793 | D:5      | Found a shadowy altar of Dithmenos.
  3793 | D:5      | Found a stormy altar of Qazlal.
  3852 | Temple   | Entered the Ecumenical Temple
  3998 | D:6      | Reached skill level 5 in Dodging
  4039 | D:6      | HP: 3/97 [yak (7)]
  4042 | D:6      | Slain by a yak

Vault maps used:
D:1:      minmay_arrival_widening_spiral_wide, ashenzari_altar_1
D:2:      cheibriados_altar_1, uniq_terence
D:3:      uniq_jessica
D:4:      kennysheep_mini, first_bread, elyvilon_altar_4
D:5:      vehumet_crystals, gammafunk_temple_overflow_elements,
          minmay_temple_entry_fiery, trog_three_pillars_becter
D:6:      kennysheep_orc_sif_temple, serial_shops, shop, gup_sewer_entry_spiral
Temple:   corrupted_temple

Action                   |  1- 3 |  4- 6 |  7- 9 || total
-------------------------+-------+-------+-------++-------
Melee: Falchion          |    53 |   114 |    84 ||   251
  Use: Potion            |       |       |    12 ||    12
       Scroll            |       |       |     7 ||     7
 Stab: Sleeping          |     2 |     5 |     1 ||     8
  Eat: Chunk             |     1 |     5 |     4 ||    10
